 Seeded DCSS version 0.29.1-15-g9cfb28693d (webtiles) character file.

Game seed: 1 (custom seed)

15981 Kazon the Shield-Bearer (level 12, -5/89 HPs)
             Began as a Demonspawn Fighter on Mar 24, 2023.
             Was a High Priest of Okawaru.
             Slain by a komodo dragon (23 damage)
             ... on level 2 of the Lair of Beasts on Mar 27, 2023.
             The game lasted 00:53:54 (9709 turns).

Kazon the Shield-Bearer (Demonspawn Fighter)        Turns: 9709, Time: 00:53:55

Health: -5/89      AC: 14    Str: 17    XL:     12   Next: 6%
Magic:  17/17      EV: 14    Int: 13    God:    Okawaru [*****.]
Gold:   721        SH: 12    Dex: 20    Spells: 11/13 levels left

rFire   + . .      SeeInvis .   f - +6 Maxwell's thermic engine {flame, freeze}
rCold   + + +      Faith    .   c - +0 buckler
rNeg    . . .      Spirit   .   D - +3 leather armour {rC+}
rPois   .          Reflect  +   k - +0 helmet
rElec   .          Harm     .   Q - scarf {rC+ rF+}
rCorr   .          Rampage  .   (no gloves)
Will    .....                   l - +2 pair of boots
Stlth   +++.......              U - amulet "Naku" {Reflect Dex+6 SH+5}
HPRegen 0.24/turn               O - ring of protection from cold
MPRegen 0.15/turn               m - ring of protection from cold

@: no status effects
A: claws 2, yellow scales 2, powered by death 1, spiny 2
a: Renounce Religion, Heroism, Finesse, Duel


You were on level 2 of the Lair of Beasts.
You worshipped Okawaru.
Okawaru was extremely pleased with you.
You visited 3 branches of the dungeon, and saw 13 of its levels.

You collected 763 gold pieces.
You spent 42 gold pieces at shops.

Inventory:

Hand Weapons
 e - a +2 dagger of venom
 f - the +6 Maxwell's thermic engine (weapon) {flame, freeze}
   (You found it on level 1 of the Lair of Beasts)

   It burns those it strikes, dealing additional fire damage.
   Big, fiery blades are also staple armaments of hydra-hunters.
   It freezes those it strikes, dealing additional cold damage.
   It can also slow down cold-blooded creatures.
   It becomes more effective when it hits something.
   This effect fades over time.
Missiles
 j - 5 stones (quivered)
 q - a throwing net
 A - 16 boomerangs
 E - 4 curare-tipped darts
 H - 17 poisoned darts
Armour
 c - a +0 buckler (worn)
 k - a +0 helmet (worn)
 l - a +2 pair of boots (worn)
 B - +0 acid dragon scales
 D - a +3 leather armour of cold resistance (worn)
 Q - a scarf of resistance (worn)
Jewellery
 m - a ring of protection from cold (right claw)
 O - a ring of protection from cold (left claw)
 U - the amulet "Naku" (around neck) {Reflect Dex+6 SH+5}
   (You acquired it on level 1 of the Dungeon)

   [amulet of reflection]

   It reflects blocked missile attacks.
   Dex:       It affects your dexterity (+6).
   SH:        It affects your SH (+5).
Wands
 w - a wand of mindburst (17)
 C - a wand of flame (22)
 G - a wand of paralysis (18)
 J - a wand of roots (6)
 P - a wand of polymorph (11)
Scrolls
 i - 11 scrolls of identify
 n - a scroll of immolation
 p - 2 scrolls of poison {unknown}
 u - a scroll of magic mapping {unknown}
 v - 2 scrolls of noise {unknown}
 x - 3 scrolls of fog {unknown}
 y - 2 scrolls of enchant weapon {unknown}
 I - 2 scrolls of fear
 K - 4 scrolls of teleportation
 L - a scroll of summoning {unknown}
 N - a scroll of amnesia {unknown}
 V - a scroll of enchant armour {unknown}
Potions
 a - 2 potions of ambrosia {unknown}
 b - 4 potions of berserk rage {unknown}
 d - 3 potions of might
 g - 2 potions of flight
 o - 2 potions of haste {unknown}
 t - 6 potions of lignification {unknown}
 z - 2 potions of cancellation {unknown}
 F - 2 potions of curing
 S - a potion of heal wounds
Miscellaneous
 M - a condenser vane


   Skills:
 + Level 6.7 Fighting
 + Level 5.3(7.3) Short Blades
 + Level 7.7(8.4) Long Blades
 + Level 4.5 Throwing
 + Level 6.1 Armour
 + Level 5.3 Dodging
 + Level 6.2 Stealth
 + Level 7.7 Shields
 + Level 1.2 Spellcasting
 + Level 0.1 Air Magic
 + Level 1.5 Poison Magic
 * Level 7.7 Invocations
 * Level 6.1 Evocations


You had 11 spell levels left.
You knew the following spells:

 Your Spells              Type           Power      Damage    Failure   Level
a - Poisonous Vapours     Pois/Air       6%         N/A       41%         2

Your spell library contained the following spells:

 Spells                   Type           Power      Damage    Failure   Level
 Sting                    Tmut/Pois      8%         1d3       28%         1
 Apportation              Tloc           0%         N/A       38%         1
 Magic Dart               Conj           0%         1d3       38%         1
 Necrotise                Necr           0%         1d4       38%         1
 Mephitic Cloud           Conj/Pois/Air  2%         N/A       67%         3
 Ozocubu's Armour         Ice            0%         N/A       77%         3
 Olgreb's Toxic Radiance  Pois           4%         N/A       91%         4
 Blade Hands              Tmut           0%         N/A       100%        5
 Fireball                 Conj/Fire      0%         3d3       100%        5
 Iskenderun's Battlesphe  Conj           0%         2d6       100%        5
 Metabolic Englaciation   Hex/Ice        0%         N/A       100%        5
 Conjure Ball Lightning   Conj/Air       0%         3x3d6     100%        6
 Iron Shot                Conj/Erth      0%         9d1       100%        6
 Orb of Destruction       Conj           0%         9d5       100%        7
 Summon Small Mammal      Summ           Unusable   N/A       N/A         1
 Call Imp                 Summ           Unusable   N/A       N/A         2
 Animate Armour           Summ/Erth      Unusable   N/A       N/A         4
 Simulacrum               Ice/Necr       Unusable   N/A       N/A         6

Dungeon Overview and Level Annotations

Branches:
Dungeon (10/15)            Temple (1/1) D:7            Lair (2/5) D:10
  Swamp: Lair:2-3    Shoals: Lair:2-3     Snake: Lair:2-3    Spider: Lair:2-3
    Orc: D:9-12

Altars:
Ashenzari
Dithmenos
Gozag
Hepliaklqana
Makhleb
Nemelex Xobeh
Okawaru
Qazlal
Uskayaw
Xom

Shops:
D:3 (   D:8 ?(==   D:10 :


Innate Abilities, Weirdness & Mutations

You have very sharp fingernails.
You are mostly covered in yellow scales. (AC +3)
You regenerate a little health from kills.
You are mostly covered in sharp spines.


Message History

The blink frog is severely wounded.
You block the blink frog's attack. You block the komodo dragon's attack.
You closely miss the blink frog.
The blink frog is severely wounded.
The blink frog is struck by your spines.
The blink frog hits you! The komodo dragon bites you!
You miss the blink frog.
The blink frog is almost dead.
You block the blink frog's attack.
Your +2 dagger of venom stops dripping with poison.
The engine hums to life!
f - the +2 Maxwell's thermic engine (weapon)
{flame, freeze} The komodo dragon bites you!!
* * * LOW HITPOINT WARNING * * *
You block the blink frog's attack.
You hit the komodo dragon but do no damage.
You freeze the komodo dragon.
The komodo dragon is lightly wounded.
The blink frog blinks!
You block the komodo dragon's attack.
You hit the komodo dragon. You burn the komodo dragon.
You freeze the komodo dragon.
The komodo dragon seems to slow down.
The komodo dragon is lightly wounded.
You kill the blink frog!
Okawaru accepts your kill.
You hit the komodo dragon. You burn the komodo dragon.
You freeze the komodo dragon.
The komodo dragon seems to slow down.
The komodo dragon is heavily wounded.
You block the komodo dragon's attack.
You hit the komodo dragon. You burn the komodo dragon.
You freeze the komodo dragon.
The komodo dragon seems to slow down.
The komodo dragon is heavily wounded.
The komodo dragon bites you but does no damage.
You hit the komodo dragon. You burn the komodo dragon.
You freeze the komodo dragon.
The komodo dragon is almost dead.
You hit the komodo dragon but do no damage.
You freeze the komodo dragon.
The komodo dragon is almost dead.
The komodo dragon bites you!!
You die...

#P......F.. ............
#........... #.........#
#......... #.###.P#
###...#..#.#. #....l.......
##....@.......
#...........##
##.##...#..#.#
#..###....#..#
##..##.##..#.##.##.#.##.
#..#...##.#.............
##........#.............
####P........#.............
#.##.........#.............


You could see a komodo dragon (slow).

Vanquished Creatures
  Fannar (Lair:2)
  Erolcha (D:10)
  A catoblepas (Lair:2)
  A two-headed ogre (D:9)
  3 black mambas
  2 cane toads
  Maggie (D:6)
  5 komodo dragons
  2 trolls (D:10)
  Prince Ribbit (D:9)
  2 blink frogs (Lair:2)
  2 shadows
  A vampire (D:10)
  14 yaks
  2 wyverns
  A basilisk (Lair:1)
  Eustachio (D:5)
  2 steam dragons
  Menkaure (D:5)
  Edmund (D:6)
  An acid dragon (D:10)
  5 water moccasins
  4 orc warriors
  An ice beast (D:8)
  5 sky beasts
  2 black bears (D:6)
  4 centaurs
  An ogre (D:6)
  A wolf (D:10)
  2 phantoms (D:6)
  3 kobold brigands
  3 necrophages
  4 bullfrogs
  A gnoll sergeant (D:7)
  5 scorpions
  21 wights
  3 killer bees (D:10)
  An electric eel (D:10)
  A howler monkey (D:5)
  2 jellies (D:6)
  6 hounds
  7 orc priests
  A gnoll bouda (D:7)
  6 iguanas
  4 orc wizards
  Robin (D:3)
  15 gnolls
  12 adders
  3 shadow imps
  2 white imps
  An ufetubus (D:5)
  3 worms
  35 orcs
  10 endoplasms
  A giant cockroach (D:1)
  16 goblins
  9 hobgoblins
  A jackal (D:4)
  23 kobolds
  2 quokkas
  5 ball pythons
  4 bats
  3 frilled lizards
  6 rats
291 creatures vanquished.

Vanquished Creatures (others)
  A fungus (Lair:2)
  3 plants (Lair:2)
4 creatures vanquished.

Grand Total: 295 creatures vanquished

Notes
Turn   | Place    | Note
-------+----------+-------------------------------------------
     0 | D:1      | Kazon the Demonspawn Fighter began the quest for the Orb.
     0 | D:1      | Reached XP level 1. HP: 18/18 MP: 1/1
    35 | D:1      | Identified a scroll of acquirement
    35 | D:1      | Acquired the amulet "Naku" {Reflect Dex+6 SH+5}
   211 | D:1      | Gained mutation: You are partially covered in sharp spines.
                  | [demonic ancestry]
   211 | D:1      | Reached XP level 2. HP: 24/24 MP: 2/2
   907 | D:2      | Gained mutation: You regenerate a little health from kills.
                  | [demonic ancestry]
   907 | D:2      | Reached XP level 3. HP: 29/29 MP: 3/3
  1211 | D:2      | Reached XP level 4. HP: 29/35 MP: 4/4
  1426 | D:3      | Found Umat's Antique Weapon Boutique.
  1626 | D:3      | Noticed Robin
  1631 | D:3      | Killed Robin
  1677 | D:3      | Reached XP level 5. HP: 19/41 MP: 5/5
  2021 | D:3      | Reached skill level 5 in Fighting
  2021 | D:3      | Reached skill level 5 in Armour
  2021 | D:3      | Reached skill level 5 in Shields
  2021 | D:3      | Reached XP level 6. HP: 51/51 MP: 6/6
  2125 | D:4      | Reached skill level 5 in Long Blades
  2637 | D:4      | You fall into a shaft and drop 1 floor!
  2637 | D:5      | Entered Level 5 of the Dungeon
  2886 | D:4      | Gained mutation: You have sharp fingernails. [demonic
                  | ancestry]
  2886 | D:4      | Reached XP level 7. HP: 56/56 MP: 7/7
  2935 | D:4      | Found a hazy altar of Hepliaklqana.
  3273 | D:5      | Reached skill level 1 in Evocations
  3497 | D:5      | Gained mutation: You have very sharp fingernails. [demonic
                  | ancestry]
  3497 | D:5      | Reached XP level 8. HP: 39/63 MP: 8/8
  3535 | D:5      | Noticed Menkaure
  3597 | D:5      | Killed Menkaure
  3723 | D:5      | Noticed Eustachio
  3858 | D:5      | Killed Eustachio
  4239 | D:7      | Found a staircase to the Ecumenical Temple.
  4254 | Temple   | Entered the Ecumenical Temple
  4261 | Temple   | Became a worshipper of Warmaster Okawaru
  4350 | D:7      | Found a hide-covered altar of Uskayaw.
  4398 | D:6      | Gained mutation: You are mostly covered in sharp spines.
                  | [demonic ancestry]
  4398 | D:6      | Reached XP level 9. HP: 68/68 MP: 9/9
  4416 | D:6      | Reached skill level 1 in Invocations
  4450 | D:6      | Reached * piety under Okawaru
  4685 | D:6      | Noticed Edmund
  4713 | D:6      | Killed Edmund
  4713 | D:6      | Reached ** piety under Okawaru
  4935 | D:6      | Noticed Maggie
  4962 | D:6      | Killed Maggie
  4963 | D:6      | Reached skill level 5 in Stealth
  5277 | D:6      | Learned a level 2 spell: Poisonous Vapours
  5326 | D:7      | Reached skill level 5 in Short Blades
  5326 | D:7      | Gained mutation: You are partially covered in yellow
                  | scales. (AC +2) [demonic ancestry]
  5326 | D:7      | Reached XP level 10. HP: 76/76 MP: 12/12
  5689 | D:7      | Reached skill level 1 in Poison Magic
  5743 | D:7      | Reached *** piety under Okawaru
  5774 | D:8      | Found Quzidd's Magic Scroll Emporium.
  5779 | D:8      | Bought a scroll of teleportation for 42 gold pieces
  5991 | D:8      | Found Esumer's Weapon Shop.
  6108 | D:8      | Reached skill level 1 in Spellcasting
  6627 | D:8      | Found Heidghoki's Jewellery Shop.
  6700 | D:8      | Found Zoxtaeshakh's Jewellery Boutique.
  7190 | D:9      | Reached **** piety under Okawaru
  7208 | D:9      | Noticed Prince Ribbit
  7221 | D:9      | Killed Prince Ribbit
  7371 | D:9      | Noticed a two-headed ogre
  7386 | D:9      | Killed a two-headed ogre
  7671 | D:10     | Entered Level 10 of the Dungeon
  7677 | D:10     | Noticed Erolcha
  7679 | D:10     | Killed Erolcha
  7698 | D:10     | Identified the +5 long sword of the Land of Plenty {drain,
                  | Dex+3}
  7725 | D:10     | Gained mutation: You are mostly covered in yellow scales.
                  | (AC +3) [demonic ancestry]
  7725 | D:10     | Reached XP level 11. HP: 81/81 MP: 14/14
  7750 | D:10     | Found a staircase to the Lair.
  7757 | D:10     | Reached skill level 5 in Evocations
  7757 | D:10     | Reached ***** piety under Okawaru
  7845 | D:10     | Found Juagoaq's Book Shoppe.
  8037 | D:10     | Reached skill level 5 in Invocations
  8226 | D:10     | Reached skill level 5 in Dodging
  8703 | Lair:1   | Entered Level 1 of the Lair of Beasts
  8952 | Lair:1   | Received a gift from Okawaru
  8978 | Lair:1   | Identified the +1 plate armour "Hudesm" {rN+} (Okawaru
                  | gifted it to you on level 1 of the Lair of Beasts)
  8978 | Lair:1   | Received a gift from Okawaru
  9027 | Lair:1   | Found the +2 Maxwell's thermic engine {flame, freeze}
  9541 | Lair:2   | Noticed Fannar
  9543 | Lair:2   | Noticed a catoblepas
  9551 | Lair:2   | Killed Fannar
  9556 | Lair:2   | Killed a catoblepas
  9574 | Lair:2   | Reached XP level 12. HP: 63/89 MP: 17/17
  9709 | Lair:2   | Slain by a komodo dragon

Illustrated notes

Levels and vault maps discovered:
D:1:      dpeg_arrival_three_smaller_balls, layout_basic
D:2:      layout_loops_ring
D:3:      layout_basic, serial_shops, nicolae_shop_stone, st_stairs_9,
          minmay_misc_feat_doors, eino_curves_03, uniq_robin
D:4:      minmay_wonky_spiral, layout_basic,
          mainiacjoe_overflow_surrounded_room, minivault_5
D:5:      layout_cave_pods, uniq_menkaure, uniq_eustachio
D:6:      cheibrodos_barr_body, layout_basic, minmay_crystal_room,
          minmay_pentangle, uniq_maggie, uniq_edmund
D:7:      layout_cave_pools, nicolae_uskayaw_murder_on_the_dancefloor,
          elyvilon_altar_4, minmay_temple_entry_purple_smoke
D:8:      layout_basic, serial_shops, shop_statue, kennysheep_little_box, shop,
          nicolae_shop_window_shopping
D:9:      layout_cave_pools, uniq_prince_ribbit1
D:10:     layout_stronghold, erik_lair_island, serial_shops,
          nicolae_shop_statue_plus, uniq_erolcha
Temple:   nicolae_temple_bog_church
Lair:1:   layout_long_grid, fungi_pond_lemuel, cheibrodos_lair_reptile_den
Lair:2:   layout_gridlike, uniq_fannar

Skill      XL: |  1  2  3  4  5  6  7  8  9 10 11 |
---------------+----------------------------------+-----
Long Blades    | 2 3 4 5 6 7 |  7.7
Armour         | 3 5 6 |  6.1
Shields        | 3 5 6 7 |  7.7
Fighting       | 5 6 |  6.7
Short Blades   | 3 4 5 |  5.3
Throwing       | 3 4 |  4.5
Dodging        | 3 4 5 |  5.3
Stealth        | 4 5 6 |  6.2
Evocations     | 1 2 3 4 6 |  6.1
Invocations    | 3 4 7 |  7.7
Poison Magic   | 1 |  1.5
Spellcasting   | 1 |  1.2
Air Magic      | |  0.1

Action                   |  1- 3 |  4- 6 |  7- 9 | 10-12 || total
-------------------------+-------+-------+-------+-------++-------
Melee: Long sword        |    68 |       |       |   215 ||   283
       Dagger            |    10 |   111 |   372 |   168 ||   661
       Double sword      |       |       |       |    26 ||    26
Throw: Stone             |     7 |    33 |    21 |    65 ||   126
       Boomerang         |       |       |    21 |       ||    21
       Dart              |       |       |       |     6 ||     6
 Cast: Poisonous Vapours |       |       |       |     3 ||     3
Invok: Heroism           |       |       |     1 |     6 ||     7
       Finesse           |       |       |       |     1 ||     1
Evoke: Wand              |       |       |     3 |    15 ||    18
  Use: Scroll            |     1 |       |     2 |     3 ||     6
       Potion            |       |     1 |     3 |     1 ||     5
 Stab: Sleeping          |       |     3 |     8 |    10 ||    21
       Paralysed         |       |       |       |    11 ||    11
       Petrified         |       |       |       |     2 ||     2
Armor: Scale mail        |    24 |    14 |    26 |       ||    64
       Leather armour    |       |       |    43 |    64 ||   107
Dodge: Dodged            |    25 |    24 |   108 |   112 ||   269
Block: Buckler           |    32 |    40 |   159 |   198 ||   429
       Reflection        |     1 |     2 |     8 |     1 ||    12
